 Dungeon Crawl Stone Soup version 0.28.0-53-g5a82cb258f (webtiles) character file.

Game seed: 14975059500184007486

35 firemarshallily the Stinger (level 3, -5/31 HPs)
             Began as a Naga Venom Mage on Aug 22, 2022.
             Slain by an iguana (9 damage)
             ... on level 3 of the Dungeon on Aug 23, 2022.
             The game lasted 00:06:57 (1114 turns).

firemarshallily the Stinger (Naga Venom Mage)       Turns: 1114, Time: 00:06:59

Health: -5/31      AC:  2    Str: 10    XL:     3   Next: 33%
Magic:  2/6        EV:  9    Int: 17    God:
Gold:   88         SH:  0    Dex: 11    Spells: 4/7 levels left

rFire   . . .      SeeInvis +   c - +0 whip
rCold   . . .      Faith    .   (no shield)
rNeg    . . .      Spirit   .   a - +0 robe
rPois   +          Reflect  .   (no helmet)
rElec   .          Harm     .   (no cloak)
rCorr   .          Rampage  .   (no gloves)
Will    .....                   (no barding)
Stlth   ++........              (no amulet)
HPRegen 0.10/turn               h - ring of wizardry
MPRegen 0.10/turn               (no ring)

@: short of breath, very slow
A: AC +1, large, see invisible, deformed body, poison resistance, slowness 2,
spit poison 1, naga tail 1
a: Spit Poison


You were on level 3 of the Dungeon.
You visited 1 branch of the dungeon, and saw 4 of its levels.

You collected 88 gold pieces.

Inventory:

Hand Weapons
 c - a +0 whip (weapon)
Missiles
 e - 6 poisoned darts
 f - 52 stones
Armour
 a - a +0 robe (worn)
Jewellery
 d - an amulet of regeneration
 h - a ring of wizardry (left hand)
Scrolls
 b - a scroll of identify {unknown}
 i - a scroll of teleportation {unknown}
Potions
 g - a potion of attraction {unknown}


   Skills:
 + Level 1.0 Fighting
 - Level 1.5 Dodging
 + Level 3.7 Stealth
 * Level 2.6 Spellcasting
 - Level 1.0 Transmutations
 + Level 4.4 Poison Magic


You had 4 spell levels left.
You knew the following spells:

 Your Spells              Type           Power      Damage    Failure   Level
a - Sting                 Tmut/Pois      44%        1d5       2%          1
b - Poisonous Vapours     Pois/Air       18%        N/A       4%          2

Your spell library contained the following spells:

 Spells                   Type           Power      Damage    Failure   Level
 Mephitic Cloud           Conj/Pois/Air  7%         N/A       12%         3
 Olgreb's Toxic Radiance  Pois           17%        N/A       12%         4


Dungeon Overview and Level Annotations

Branches:
Dungeon (4/15)
 Temple: D:4-7

Altars:

Annotations:
D:3 Terence
D:4 1 runed translucent door, Dowan; Duvessa; Thoth777's ghost, amateur TrMo


Innate Abilities, Weirdness & Mutations

Your serpentine skin is tough. (AC +1)
You have supernaturally acute eyesight. (SInv)
Armour fits poorly on your strangely shaped body.
Your system is resistant to poisons. (rPois)
You cover ground very slowly.
You can spit poison.
You have a snake-like lower body.


Message History

Duvessa says, "Where magic fails, the sword succeeds!"
The lemure hits you. The iguana closely misses you.
Found a leather armour.
There is a stone staircase leading up here.
The iguana barely misses you.
You climb upwards.
There is a stone staircase leading down here.
The iguana bites you! The iguana barely misses you.
Aiming: Spit Poison (2% risk of failure)
Press: ? - help, Q - select action, (/) - cycle Shift-Dir - straight line, f - iguana
Aim: an iguana (lightly wounded, 65% to hit)
The splash of poison hits the iguana.
The iguana is moderately wounded.
The iguana bites you.
* * * LOW HITPOINT WARNING * * *
Casting: Sting (safe; 2% risk of failure)
Confirm with . or Enter, or press ? or * to list all spells.
Aiming: Sting (safe; 2% risk of failure)
Press: ? - help, Shift-Dir - straight line, f/p - iguana
Aim: an iguana (moderately wounded, 75% to hit)
The sting hits the iguana.
The iguana is poisoned.
The iguana is moderately wounded.
The iguana bites you.
* * * LOW HITPOINT WARNING * * *
Casting: Sting (safe; 2% risk of failure)
Confirm with . or Enter, or press ? or * to list all spells.
Aiming: Sting (safe; 2% risk of failure)
Press: ? - help, Shift-Dir - straight line, f/p - iguana
Aim: an iguana (moderately wounded, poisoned, 75% to hit)
The sting misses the iguana.
The iguana barely misses you.
Unknown command.
Casting: Sting (safe; 2% risk of failure)
Confirm with . or Enter, or press ? or * to list all spells.
Aiming: Poisonous Vapours (safe; 4% risk of failure)
Press: ? - help, Dir - move target, f/p - iguana
Aim: an iguana (moderately wounded, poisoned) Poisonous vapours surround the iguana!
The iguana looks even sicker.
Terence shouts!
The iguana bites you!
You die...

.# #.
.#.# #.#.
#.#.#
#.#.#
#.#.#
#.#.#
#.#.#
#.#.#
#.#.#.#.#
#.#.#@#
#.>l#
#.#@##
#.#.##
#.#.#
#.#.#
#.#.#
.#.# #.#
.#


You could see Terence and an iguana (very poisoned).

Vanquished Creatures
  2 worms (D:2)
  3 ball pythons
  4 bats
  2 endoplasms (D:1)
  3 goblins
  3 hobgoblins
  3 jackals (D:1)
  A frilled lizard (D:1)
  A kobold (D:1)
  5 rats (D:1)
27 creatures vanquished.

Notes
Turn   | Place    | Note
-------+----------+-------------------------------------------
     0 | D:1      | firemarshallily the Naga Venom Mage began the quest for the
                  | Orb.
     0 | D:1      | Reached XP level 1. HP: 15/15 MP: 3/3
     6 | D:1      | Noticed a swamp worm
     6 | D:1      | Noticed a snapping turtle
     6 | D:1      | Noticed a polar bear
     7 | D:1      | Noticed a water moccasin
     7 | D:1      | Noticed a wyvern
   194 | D:1      | Reached XP level 2. HP: 24/24 MP: 5/5
   479 | D:1      | Learned a level 2 spell: Poisonous Vapours
   852 | D:2      | Reached XP level 3. HP: 30/30 MP: 6/6
   870 | D:2      | Reached skill level 1 in Fighting
  1047 | D:2      | Found a faded altar of an unknown god.
  1080 | D:2      | You fall into a shaft and drop 2 floors!
  1080 | D:4      | Noticed Thoth777's ghost (amateur TrMo)
  1080 | D:4      | Found a runed translucent door.
  1091 | D:4      | Noticed a lemure
  1093 | D:4      | Noticed a lemure
  1104 | D:4      | Noticed Duvessa
  1105 | D:4      | Noticed Dowan
  1109 | D:3      | Noticed Terence
  1114 | D:3      | Slain by an iguana

Illustrated notes

Levels and vault maps discovered:
D:1:      onia_arrival_zoo_common, layout_loops_ring
D:2:      layout_loops_ring, nicolae_ecumenical_lake_church
D:3:      layout_basic, lemuel_flame_loot_1, uniq_terence, uniq_ijyb
D:4:      layout_basic, serial_shops, nicolae_shop_hallway_stairs,
          hellmonk_ghost_happy_afterlife, uniq_grinder, uniq_pikel, uniq_duvessa

Skill      XL: |  1  2  3 |
---------------+----------+-----
Fighting       | 1 |  1.0
Dodging        | |  1.5
Stealth        | |  3.7
Spellcasting   | |  2.6
Transmutations | |  1.0
Poison Magic   | |  4.4

Action                   || total
-------------------------++-------
Melee: Whip              ||    23
 Cast: Sting             ||     7
       Poisonous Vapours ||     4
 Abil: Spit Poison       ||    31
 Stab: Sleeping          ||     1
Armor: Robe              ||     8
Dodge: Dodged            ||    15
